 Dungeon Crawl Stone Soup version 0.24-a0-499-g1074bba3cf (webtiles) character file.

Game seed: 6289245412322031612

92 KrasnyyBoyets the Magician (level 4, -11/24 HPs)
             Began as a Deep Elf Fire Elementalist on July 14, 2019.
             Mangled by a gnoll
             ... wielding a +0 halberd
              (12 damage)
             ... on level 2 of the Dungeon.
             The game lasted 00:23:46 (2521 turns).

KrasnyyBoyets the Magician (DEFE)                   Turns: 2521, Time: 00:23:47

Health: -11/24     AC:  3    Str:  5    XL:     4   Next: 35%
Magic:  2/12       EV:  6    Int: 21    God:
Gold:   35         SH:  0    Dex: 15    Spells: 8/11 levels left

rFire    . . .     SeeInvis .   a - +0 mace (crush)
rCold    . . .     Gourm    .   (no shield)
rNeg     . . .     Faith    .   b - +0 leather armour
rPois    .         Spirit   .   (no helmet)
rElec    .         Reflect  .   (no cloak)
rCorr    .         Harm     .   (no gloves)
MR       .....                  (no boots)
Stlth    ++........             (no amulet)
HPRegen  0.08/turn              (no ring)
MPRegen  0.13/turn              (no ring)

@: held
A: no striking features
a: no special abilities


You were on level 2 of the Dungeon.
You were not hungry.

You visited 1 branch of the dungeon, and saw 2 of its levels.

You collected 35 gold pieces.

Inventory:

Hand Weapons
 a - a +0 mace of crushing (weapon)
Missiles
 e - 18 stones (quivered)
Armour
 b - a +0 leather armour (worn)
Jewellery
 h - an uncursed ring of stealth {unknown}
Scrolls
 d - 4 scrolls of identify {unknown}
 l - a scroll of enchant armour {unknown}
 m - a scroll of amnesia {unknown}
Potions
 f - a potion of cancellation {unknown}
 g - a potion of berserk rage {unknown}
 i - a potion of degeneration {unknown}
 j - a potion of might {unknown}
 k - a potion of mutation {unknown}
Comestibles
 c - a ration
 n - 4 chunks of flesh


   Skills:
 - Level 2.4 Dodging
 - Level 2.4 Stealth
 + Level 4.0 Spellcasting
 * Level 3.4 Conjurations
 + Level 4.0 Fire Magic


You had 8 spell levels left.
You knew the following spells:

 Your Spells              Type           Power        Failure   Level  Hunger
a - Flame Tongue          Conj/Fire      ###..        4%          1    None
b - Throw Flame           Conj/Fire      ###...       7%          2    #......

Your spell library contained the following spells:

 Spells                   Type           Power        Failure   Level  Hunger
 Conjure Flame            Conj/Fire      ###.....     13%         3    ###....
 Inner Flame              Hex/Fire       ##......     26%         3    ###....
 Sticky Flame             Conj/Fire      ###.....     41%         4    ####...
 Fireball                 Conj/Fire      ###.......   77%         5    ######.


Dungeon Overview and Level Annotations

Branches:
Dungeon (2/15)

Altars:
Xom


Message History

Aim: a gnoll, wielding a +0 halberd (lightly wounded)
The flame tongue hits the gnoll.
The gnoll is severely wounded.
Casting: Flame Tongue (safe; 4% risk of failure)
Confirm with . or Enter, or press ? or * to list all spells.
Aiming: Flame Tongue (safe; 4% risk of failure)
Press: ? - help, Shift-Dir - straight line, f/p - gnoll
Aim: a gnoll, wielding a +0 halberd (severely wounded)
Okay, then.
The gnoll hits you from afar with a +0 halberd!
* * * LOW HITPOINT WARNING * * *
Casting: Flame Tongue (safe; 4% risk of failure)
Confirm with . or Enter, or press ? or * to list all spells.
Aiming: Flame Tongue (safe; 4% risk of failure)
Press: ? - help, Shift-Dir - straight line, f/p - gnoll
Aim: a gnoll, wielding a +0 halberd (severely wounded)
The flame tongue misses the gnoll.
The gnoll hits you from afar with a +0 halberd!
Ouch! That really hurt!
You die... #.# ####.#### # #.......##.# ...g.##.......# gg#

#..#.##.#
#)......#
##g#..#.#
#.##>#.#
#@##.#.# #######
#......#
#.....######.###
#........# #.#
#.....##.# #.#
#.[...##.###.#
#.....##....#.#
###
##.##.##...###.#
..##
#.##.##....# ##


You could see a gnoll.

Vanquished Creatures
  3 gnolls
  3 adders (D:2)
  An ooze (D:1)
  A dart slug (D:1)
  A leopard gecko (D:2)
  4 bats (D:1)
  4 giant cockroaches (D:1)
  2 goblins (D:2)
  2 hobgoblins
  2 kobolds (D:1)
  4 frilled lizards
  5 rats (D:1)
32 creatures vanquished.

Notes
Turn   | Place    | Note
-------+----------+-------------------------------------------
     0 | D:1      | KrasnyyBoyets the Deep Elf Fire Elementalist began the
                  | quest for the Orb.
     0 | D:1      | Reached XP level 1. HP: 10/10 MP: 6/6
   540 | D:1      | Reached XP level 2. HP: 15/15 MP: 5/8
   622 | D:1      | Learned a level 2 spell: Throw Flame
  1006 | D:1      | Reached XP level 3. HP: 16/19 MP: 2/10
  2187 | D:2      | Reached XP level 4. HP: 20/24 MP: 5/11
  2406 | D:2      | Found a shimmering altar of Xom.
  2520 | D:2      | HP: 1/24 [gnoll/+0 halberd (7)]
  2521 | D:2      | Mangled by a gnoll

Levels and vault maps discovered:
D:1:      dpeg_arrival_chase, layout_loops_cross, minmay_bisected
D:2:      layout_loops_cross, lemuel_round_altar,
          chequers_ecumenical_altar_simple_redux

Skill      XL: |  1  2  3  4 |
---------------+-------------+-----
Conjurations   | 2 3 |  3.4
Spellcasting   | 4 |  4.0
Fire Magic     | 4 |  4.0
Dodging        | |  2.4
Stealth        | |  2.4

Action                   |  1- 3 |  4- 6 || total
-------------------------+-------+-------++-------
Melee: Mace              |     3 |       ||     3
Throw: Stone             |     1 |       ||     1
 Cast: Flame Tongue      |    53 |     8 ||    61
       Throw Flame       |     4 |     4 ||     8
  Eat: Chunk             |     2 |       ||     2
       Ration            |     1 |       ||     1
Armor: Leather armour    |    21 |       ||    21
Dodge: Dodged            |    19 |       ||    19

Table legend:
 A = Non-vault XP
 B = Vault XP
 C = Vault XP percentage of total XP
 D = Non-vault monster count
 E = Vault monster count
 F = Vault count percentage of total count
                 A         B        C        D         E       F
            +---------+---------+-------+---------+---------+-------
      Total |     129 |       3 |   2.3 |      30 |       2 |   6.2
            +---------+---------+-------+---------+---------+-------
        D:1 |      50 |       3 |   5.7 |      20 |       2 |   9.1
        D:2 |      79 |       0 |   0.0 |      10 |       0 |   0.0
            +---------+---------+-------+---------+---------+-------
